 Dungeon Crawl Stone Soup version 0.29.1-15-g9cfb28693d (webtiles) character file.

Game seed: 4679987935982576063

101 booth the Chopper (level 4, -2/34 HPs)
             Began as a Demonspawn Gladiator on Mar 12, 2023.
             Was a Plaything of Xom.
             Slain by Sigmund
             ... wielding a +2 vorpal scythe
              (6 damage)
             ... on level 2 of the Dungeon.
             The game lasted 00:12:38 (1938 turns).

booth the Chopper (Demonspawn Gladiator)            Turns: 1938, Time: 00:12:38

Health: -2/34      AC:  7    Str: 16    XL:     4   Next: 48%
Magic:  4/4        EV: 12    Int: 10    God:    Xom [...*..]
Gold:   75         SH:  0    Dex: 17    Spells: 3/3 levels left

rFire   . . .      SeeInvis .   a - +0 war axe
rCold   . . .      Faith    .   (no shield)
rNeg    . . .      Spirit   .   h - +2 leather armour {Will+}
rPois   .          Reflect  .   c - +0 helmet
rElec   .          Harm     .   (no cloak)
rCorr   .          Rampage  .   g - +0 pair of fencer's gloves {Riposte Dex+3}
Will    +....                   (no boots)
Stlth   +.........              (no amulet)
HPRegen 0.11/turn               (no ring)
MPRegen 0.09/turn               (no ring)

@: no status effects
A: hooves 1, spiny 1
a: Renounce Religion


You were on level 2 of the Dungeon.
You worshipped Xom.
You were a favourite toy of Xom.
You visited 1 branch of the dungeon, and saw 2 of its levels.

You collected 75 gold pieces.

Inventory:

Hand Weapons
 a - a +0 war axe (weapon)
Missiles
 d - 2 throwing nets (quivered)
 e - a javelin
Armour
 c - a +0 helmet (worn)
 g - the +0 pair of fencer's gloves (worn) {Riposte Dex+3}
   (You acquired it on level 1 of the Dungeon)

   It allows the wearer to riposte with melee weapons, swiftly retaliating
   against missed or blocked melee attacks.
   Dex:       It affects your dexterity (+3).
 h - a +2 leather armour of willpower (worn)
Scrolls
 f - a scroll of blinking
 l - a scroll of poison {unknown}
 m - a scroll of noise {unknown}
Potions
 b - a potion of might {unknown}
 i - 2 potions of curing
 j - a potion of brilliance {unknown}
 k - a potion of lignification {unknown}
 n - a potion of attraction {unknown}
 o - a potion of magic {unknown}


   Skills:
 + Level 2.9 Fighting
 + Level 3.3 Axes
 + Level 2.6 Throwing
 + Level 1.1 Armour
 - Level 2.9 Dodging


You had 3 spell levels left.
You didn't know any spells.
Your spell library contained the following spells:

 Spells                   Type           Power      Damage    Failure   Level
 Necrotise                Necr           0%         1d4       43%         1
 Vampiric Draining        Necr           0%         2d6       80%         3
 Agony                    Necr           0%         N/A       100%        5


Dungeon Overview and Level Annotations

Branches:
Dungeon (2/15)

Altars:
Xom

Annotations:
D:2 Sigmund


Innate Abilities, Weirdness & Mutations

You have large cloven feet.
You are partially covered in sharp spines.


Message History

You closely miss Sigmund. Your kick misses Sigmund.
Sigmund is struck by your spines. Sigmund misses you.
You slash Sigmund! You kick Sigmund.
Sigmund is heavily wounded.
Xom plays with reality for a moment.
Sigmund blinks!
Sigmund blinks!
Sigmund casts a spell.
Sigmund flickers and vanishes!
Deactivating autopickup; reactivate with Ctrl-A.
You see here a javelin.
You see here a javelin.
e - a javelin The translocation energy dissipates.
Something hits you.
You miss something. "Let's see if it's strong enough to survive yet."
You are now a favourite toy of Xom.
You closely miss something. You closely miss the kobold. Something hits you!
The kobold hits you but does no damage.
You barely miss something. You barely miss the kobold. Something hits you!
* * * LOW HITPOINT WARNING * * *
x2 The kobold is struck by your spines.
The kobold barely misses you.
You riposte.
You slash the kobold!
You kill the kobold!
The kobold's corpse disappears in a puff of smoke!
You hit something but do no damage.
It was a potion of curing.
You feel better.
Xom roars with laughter!
Something hits you!
* * * LOW HITPOINT WARNING * * *
x2 The quokka is struck by your spines.
The quokka barely misses you.
You riposte.
You barely miss the quokka.
The quokka is severely wounded.
You closely miss something. You miss something. Your kick misses something.
You hit the quokka.
You kill the quokka!
The quokka's corpse disappears in a puff of smoke!
Something hits you.
You die...

#...# #.#
##'###
#...# #.#
#....#
#...# #.#
#....#
#.#.# #.#
#....#
#.#.# #.#
#.....
#.#.# #.#
######
#.#.# #.#
# #.#{#
#.########
#.#@###
#.........
#.ยง...#
##########
###.#.#
#.#.# #.#
# #.# #.#
#.# #.#


There were no monsters in sight!

Vanquished Creatures
  Natasha (twice) (D:2)
  A worm (D:2)
  2 dart slugs
  6 endoplasms
  A goblin (D:1)
  4 hobgoblins
  7 kobolds
  2 quokkas (D:1)
  3 ball pythons
  5 bats
  5 frilled lizards
  3 rats
41 creatures vanquished.

Notes
Turn   | Place    | Note
-------+----------+-------------------------------------------
     0 | D:1      | booth the Demonspawn Gladiator began the quest for the Orb.
     0 | D:1      | Reached XP level 1. HP: 16/16 MP: 1/1
   275 | D:1      | Gained mutation: You are partially covered in sharp spines.
                  | [demonic ancestry]
   275 | D:1      | Reached XP level 2. HP: 16/22 MP: 2/2
   381 | D:1      | Found a faded altar of an unknown god.
   396 | D:1      | Prayed at the altar of an unknown god.
   396 | D:1      | Became a worshipper of Xom of Ineffable Intent
   767 | D:1      | Reached skill level 3 in Axes
   915 | D:1      | Identified a scroll of acquirement
   915 | D:1      | Acquired the +0 pair of fencer's gloves {Riposte Dex+3}
   915 | D:1      | Found the +0 pair of fencer's gloves {Riposte Dex+3}
  1053 | D:2      | Reached XP level 3. HP: 28/28 MP: 3/3
  1105 | D:2      | XOM: silly message
  1281 | D:2      | XOM: god gift: scroll labelled FIYKHI TIOSTRU {god gift}
  1464 | D:2      | XOM: 3-stop teleportation journey
  1526 | D:2      | Noticed Natasha
  1536 | D:2      | Killed Natasha
  1537 | D:2      | Gained mutation: You have large cloven feet. [demonic
                  | ancestry]
  1537 | D:2      | Reached XP level 4. HP: 23/34 MP: 4/4
  1603 | D:2      | XOM: god gift: shortbow {god gift}
  1663 | D:2      | Noticed Natasha
  1664 | D:2      | XOM: cast spell 'Metabolic Englaciation'
  1674 | D:2      | Killed Natasha
  1675 | D:2      | Reached skill level 1 in Armour
  1797 | D:2      | XOM: scenery: 1 doors close
  1910 | D:2      | Noticed Sigmund
  1919 | D:2      | XOM: cast spell 'Disjunction'
  1934 | D:2      | XOM: summons 2 hostile shadow creatures
  1938 | D:2      | Slain by Sigmund

Illustrated notes

Levels and vault maps discovered:
D:1:      dpeg_arrival_rhombus, layout_loops_ring,
          hellmonk_ecumenical_altar_lost_god, minmay_misc_feat_iff,
          hangedman_decor_clover_reticule, hangedman_decor_diamond_cutter
D:2:      layout_basic, uniq_natasha, uniq_sigmund

Skill      XL: |  1  2  3  4 |
---------------+-------------+-----
Throwing       | 2 |  2.6
Axes           | 3 |  3.3
Armour         | 1 |  1.1
Fighting       | |  2.9
Dodging        | |  2.9

Action                   |  1- 3 |  4- 6 || total
-------------------------+-------+-------++-------
Melee: War axe           |    62 |    13 ||    75
       Kick              |       |     4 ||     4
Throw: Javelin           |       |     1 ||     1
       Throwing net      |       |     1 ||     1
  Use: Scroll            |     3 |       ||     3
       Potion            |       |     1 ||     1
Armor: Leather armour    |    20 |     2 ||    22
Dodge: Dodged            |    42 |     7 ||    49
       Rpst.: War axe    |     5 |     3 ||     8
